 Dungeon Crawl Stone Soup version 0.22-a0-858-g985ef60 (webtiles) character file.

44 Amnesiac the Vexing (level 3, -2/24 HPs)
             Began as a Mummy Enchanter on July 27, 2018.
             Slain by an adder (3 damage)
             ... on level 4 of the Dungeon.
             The game lasted 00:02:46 (1185 turns).

Amnesiac the Vexing (Mummy Enchanter)               Turns: 1185, Time: 00:02:47

Health: -2/24      AC:  2    Str: 11    XL:     3   Next: 39%
Magic:  0/7        EV: 12    Int: 15    God:
Gold:   39         SH:  0    Dex: 12    Spells: 2/8 levels left

rFire    x . .     SeeInvis .   b - +0 broad axe
rCold    + . .     Gourm    .   (no shield)
rNeg     + + +     Faith    .   e - +0 robe
rPois    ∞         Spirit   .   (no helmet)
rElec    .         Reflect  .   (no cloak)
rCorr    .         Harm     .   (no gloves)
MR       .....                  (no boots)
Stlth    ++........             (no amulet)
HPRegen  0.08/turn              (no ring)
MPRegen  0.10/turn              (no ring)

@: very slightly contaminated
A: no food or potions, fire vulnerability, cold resistance 1, negative energy
resistance 3, torment resistance, unbreathing
a: no special abilities


You were on level 4 of the Dungeon.
You were not hungry.

You visited 1 branch of the dungeon, and saw 4 of its levels.

You collected 39 gold pieces.

Inventory:

Hand Weapons
 a - a +1 dagger
 b - a +0 broad axe (weapon)
Missiles
 c - 23 sling bullets
Armour
 e - a +0 robe (worn)
Scrolls
 d - a scroll of teleportation {!r, unknown}


   Skills:
 - Level 1.0 Short Blades
 - Level 1.5 Dodging
 + Level 2.7 Stealth
 + Level 3.3 Spellcasting
 * Level 3.4 Hexes


You had 2 spell levels left.
You knew the following spells:

 Your Spells              Type           Power        Failure   Level  Hunger
a - Ensorcelled Hibernat  Hex/Ice        #.....       14%         2    N/A
d - Corona                Hex            ##.....      4%          1    N/A
e - Confuse               Hex            ##......     14%         3    N/A

Your spell library contained the following spells:

 Spells                   Type           Power        Failure   Level  Hunger
 Tukima's Dance           Hex            ##......     14%         3    N/A
 Dazzling Spray           Conj/Hex       #.....       28%         3    N/A

Dungeon Overview and Level Annotations

Branches:
Dungeon (4/15)
 Temple: D:4-7

Altars:

Annotations:
D:3 Natasha


Innate Abilities, Weirdness & Mutations

You do not eat or drink.
Your flesh is vulnerable to fire.
You are immune to poison.
Your flesh is cold resistant. (rC+)
You are immune to negative energy. (rN+++)
You are immune to unholy pain and torment.
You can survive without breathing.


Message History

The jackal glows brighter.
The adder hisses angrily.
The jackal bites you.
You hit the jackal.
You kill the jackal!
The jackal bites you.
Casting: Corona (safe; 4% risk of failure)
Confirm with . or Enter, or press ? or * to list all spells.
Aiming: Corona (safe; 4% risk of failure)
Press: ? - help, Shift-Dir - straight line, f - jackal
Aim: a jackal (chance to defeat MR: 66%)
The jackal is outlined in light.
The jackal closely misses you.
Unknown command.
You slash the jackal!
You kill the jackal!
Casting: Corona (safe; 4% risk of failure)
Confirm with . or Enter, or press ? or * to list all spells.
Aiming: Corona (safe; 4% risk of failure)
Press: ? - help, Shift-Dir - straight line, f - howler monkey skeleton
Aim: a howler monkey skeleton (chance to defeat MR: 62%)
You miscast Corona.
You are very lightly contaminated with residual magic.
The light around you dims momentarily.
The howler monkey skeleton closely misses you.
Unknown command.
Casting: Corona (safe; 4% risk of failure)
Confirm with . or Enter, or press ? or * to list all spells.
Aiming: Corona (safe; 4% risk of failure)
Press: ? - help, Shift-Dir - straight line, f/p - howler monkey skeleton
Aim: a howler monkey skeleton (chance to defeat MR: 62%)
The howler monkey skeleton struggles to resist.
The howler monkey skeleton hits you.
Unknown command.
You slash the howler monkey skeleton!
The howler monkey skeleton is severely damaged.
The howler monkey skeleton closely misses you. x2
You completely miss the howler monkey skeleton.
The howler monkey skeleton is severely damaged.
The howler monkey skeleton barely misses you.
The howler monkey skeleton closely misses you.
You slash the howler monkey skeleton!
You destroy the howler monkey skeleton!
The adder bites you.
* * * LOW HITPOINT WARNING * * *
The adder bites you.
* * * LOW HITPOINT WARNING * * *
The adder bites you.
* * * LOW HITPOINT WARNING * * *
Casting: Corona (safe; 4% risk of failure)
Confirm with . or Enter, or press ? or * to list all spells.
Aiming: Corona (safe; 4% risk of failure)
Press: ? - help, Shift-Dir - straight line, f - adder
Aim: an adder (chance to defeat MR: 57%)
The adder is outlined in light.
The adder bites you.
* * * LOW HITPOINT WARNING * * *
Unknown command.
You hit the adder.
The adder is lightly wounded.
The adder closely misses you. The adder bites you.
* * * LOW HITPOINT WARNING * * *
You barely miss the adder.
The adder is lightly wounded.
The adder bites you.
You die...

.... #..# ...#
#..# #..#
##.####..#
.....%.<.#
##.####..###.#
#.....@.....#
######S.#####
#..#
..######..#
#.........#
..#######.# .#
.# #.


You could see an adder.

Vanquished Creatures
  An adder (D:2)
  A howler monkey skeleton (D:4)
  3 giant cockroaches
  2 goblins (D:1)
  A hobgoblin (D:2)
  4 jackals (D:4)
  A quokka (D:2)
  2 ball pythons (D:3)
  A frilled lizard (D:2)
  4 kobolds
  4 rats
24 creatures vanquished.

Notes
Turn   | Place    | Note
-------+----------+-------------------------------------------
     0 | D:1      | Amnesiac the Mummy Enchanter began the quest for the Orb.
     0 | D:1      | Reached XP level 1. HP: 13/13 MP: 4/4
   114 | D:1      | Reached skill level 1 in Short Blades
   238 | D:2      | Reached XP level 2. HP: 13/19 MP: 2/5
   244 | D:2      | Learned a level 2 spell: Ensorcelled Hibernation
   547 | D:3      | Noticed Natasha
  1091 | D:3      | Reached XP level 3. HP: 19/24 MP: 2/7
  1096 | D:3      | Learned a level 3 spell: Confuse
  1184 | D:4      | HP: 1/24 [adder (1)]
  1185 | D:4      | Slain by an adder

Vault maps used:
D:1:      dpeg_arrival_rooms_with_view, minmay_pentomino_w2
D:2:      elyvilon_altar_1, fountainhead
D:3:      lemuel_round_altar, serial_bayou, serial_bayou_shore_b,
          serial_bayou_pond_e, serial_bayou_pond_b, serial_bayou_shore_b,
          uniq_natasha
D:4:      vehumet_altar_wand_db, old_standard_altar, minmay_temple_entry_hall

Skill      XL: |  1  2 |
---------------+-------+-----
Short Blades   | 1 |  1.0
Hexes          | 3 |  3.4
Spellcasting   | 3 |  3.3
Dodging        | |  1.5
Stealth        | |  2.7

Action                   || total
-------------------------++-------
Melee: Dagger            ||    54
       Broad axe         ||    19
 Cast: Corona            ||    16
       Ensorcelled Hiber ||    12
 Stab: Sleeping          ||     7
Armor: Robe              ||    17
Dodge: Dodged            ||    56

Table legend:
 A = Spawn XP
 B = Non-spawn XP
 C = Spawn XP percentage of total XP
 D = Spawn monster count
 E = Non-spawn monster count
 F = Spawn count percentage of total count
 G = Total turns spent on level
                    A         B        C        D         E        F      G
               +---------+---------+-------+---------+---------+-------+---------
         Total |       0 |      63 |   0.0 |       0 |      24 |   0.0 |  1185
               +---------+---------+-------+---------+---------+-------+---------
           D:1 |       0 |       8 |   0.0 |       0 |       5 |   0.0 |   136
           D:2 |       0 |      25 |   0.0 |       0 |       8 |   0.0 |   728
           D:3 |       0 |       9 |   0.0 |       0 |       6 |   0.0 |   289
           D:4 |       0 |      21 |   0.0 |       0 |       5 |   0.0 |    32
               +---------+---------+-------+---------+---------+-------+---------
